 Dungeon Crawl Stone Soup version 0.29-a0-284-gf9362112df (webtiles) character file.

Game seed: 2713618319058205798

4907 rabbitsville the Thaumaturge (level 10, -5/73 HPs)
             Began as a Djinni Earth Elementalist on Mar 28, 2022.
             Was a Priest of Makhleb.
             Slain by a killer bee (6 damage)
             ... on level 9 of the Dungeon.
             The game lasted 00:41:53 (11564 turns).

rabbitsville the Thaumaturge (DjEE)                Turns: 11564, Time: 00:41:54

Health: -5/73      AC:  9    Str:  7    XL:     10   Next: 80%
Gold:   223        EV: 16    Int: 21    God:    Makhleb [***...] SH:  5 Dex: 17

rFire   + + .      SeeInvis .   m - +2 dagger (venom)
rCold   x . .      Faith    .   (no shield)
rNeg    . . .      Spirit   .   A - +0 leather armour {Will+}
rPois   ∞          Reflect  +   t - +0 helmet
rElec   .          Harm     .   (no cloak)
rCorr   .          Rampage  .   k - +0 pair of gloves
Will    +++..                   (boots unavailable)
Stlth   ++........              F - amulet of reflection
HPRegen 0.22/turn               u - +4 ring of protection
MPRegen 0.00/turn               s - ring "Hoclez" {Will+ EV+4 Dex+3}

@: flying
A: sickness immunity, fire resistance 2, cold vulnerability 1, float, innate
caster, HP casting, extra vitality 1
a: Renounce Religion, Minor Destruction, Lesser Servant of Makhleb


You were on level 9 of the Dungeon.
You worshipped Makhleb.
Makhleb was most pleased with you.
You visited 2 branches of the dungeon, and saw 10 of its levels.

You collected 385 gold pieces.
You spent 162 gold pieces at shops.

Inventory:

Hand Weapons
 c - a +0 whip
 m - a +2 dagger of venom (weapon)
Missiles
 a - 282 stones
Armour
 b - a +0 robe
 k - a +0 pair of gloves (worn)
 t - a +0 helmet (worn)
 A - a +0 leather armour of willpower (worn)
Jewellery
 d - a ring of protection from cold
 j - a ring of fire
 s - the ring "Hoclez" (right hand) {Will+ EV+4 Dex+3}
   (You found it on level 4 of the Dungeon)

   [ring of evasion]

   EV:        It affects your evasion (+4).
   Dex:       It affects your dexterity (+3).
   Will:      It increases your willpower.
 u - a +4 ring of protection (left hand)
 F - an amulet of reflection (around neck)
Wands
 y - a wand of mindburst (13)
Scrolls
 g - 3 scrolls of fog
 h - 3 scrolls of noise
 l - 3 scrolls of fear
 o - 5 scrolls of teleportation
 p - a scroll of torment {unknown}
 q - a scroll of amnesia {unknown}
 w - a scroll of enchant armour {unknown}
 z - a scroll of blinking
 B - a scroll of summoning {unknown}
 C - a scroll of immolation {unknown}
 D - 2 scrolls of identify
Potions
 e - a potion of heal wounds
 f - 2 potions of degeneration
 i - a potion of curing {unknown}
 n - 2 potions of brilliance {unknown}
 r - a potion of lignification {unknown}
 v - a potion of invisibility {unknown}
 x - a potion of haste {unknown}
 E - a potion of might {unknown}


   Skills:
 + Level 6.7 Fighting
 - Level 2.1 Dodging
 - Level 1.5 Stealth
 * Level 10.8 Spellcasting


You had 10 spell levels left.
You knew the following spells:

 Your Spells              Type           Power      Damage    Failure   Level
a - Sandblast             Erth           100%       2d20      1%          1
b - Passwall              Tmut/Erth      45%        N/A       1%          2
c - Stone Arrow           Conj/Erth      100%       3d13      1%          3
d - Petrify               Tmut/Erth      54%        N/A       1%          4
e - Magic Dart            Conj           100%       1d8       1%          1
f - Blink                 Tloc           100%       N/A       1%          2
g - Spider Form           Tmut/Pois      54%        N/A       1%          3
h - Anguish               Hex/Necr       27%        N/A       1%          4
Your spell library was empty.

Dungeon Overview and Level Annotations

Branches:
Dungeon (9/15)             Temple (1/1) D:4
   Lair: D:8-11         Orc: D:9-12

Altars:
Ashenzari
Cheibriados
Dithmenos
Fedhas
Gozag
Kikubaaqudgha
Makhleb
Nemelex Xobeh
Okawaru
Qazlal
Ru
Sif Muna
Trog
Uskayaw
Vehumet
Wu Jian
Xom
Yredelemnul
Zin
The Shining One

Shops:
D:4 [[:**   D:6 ?

Portals:
Bailey: D:9

Annotations:
D:4 2 transporters, Cecur's ghost, amateur OpEE


Innate Abilities, Weirdness & Mutations

You are immune to sickness and miasma.
You are immune to poison.
Your flesh is very heat resistant. (rF++)
You are vulnerable to cold. (rC-)
You float through the air rather than walking.
You learn spells naturally, not from books.
Your magical power is your life essence.
You have superior vitality. (+4 MHP)


Message History

The goblin hits you from afar with a +0 spear.
* * * LOW HITPOINT WARNING * * *
The deep elf pyromancer mumbles some strange words.
The deep elf pyromancer blinks!
The goblin closely misses you. You block the goblin's attack.
The goblin hits you with a +0 spear.
* * * LOW HITPOINT WARNING * * *
The goblin closely misses you. The goblin misses you.
You see here a +0 spear.
The killer bee buzzes angrily.
You hit the goblin.
The goblin is poisoned.
The goblin is heavily wounded.
A killer bee comes into view.
The goblin hits you with a +0 spear.
* * * LOW HITPOINT WARNING * * *
The goblin hits you but does no damage. x2
The killer bee buzzes angrily. x2
You hit the goblin.
You kill the goblin!
Makhleb accepts your kill. The killer bee stings you.
* * * LOW HITPOINT WARNING * * *
The goblin misses you. The killer bee closely misses you.
The deep elf pyromancer casts a spell at you.
The bolt of fire hits you. You resist.
* * * LOW HITPOINT WARNING * * *
The goblin completely misses you.
The killer bee attacks as you move away!
The killer bee barely misses you. x2; The goblin hits you with a +0 spear.
* * * LOW HITPOINT WARNING * * *
You block the killer bee's attack. The killer bee closely misses you.
The goblin hits you but does no damage.
There is a flagged portal, spattered with blood here.
Things that are here:
a +0 spear; a goblin corpse The killer bee completely misses you.
The killer bee stings you but does no damage.
The goblin closely misses you. The killer bee barely misses you.
The killer bee stings you.
You die...

........#
####.#####.....
.§......# #.....O..c..
[...... #####....##.
....##### ######...#.
#......###..(.###'''##
#..e.....######.......
#..≈§≈≈≈.# ##.#####.
##.≈yg.≈.# ##.#...#.
#.≈g@y≈.# ##.#._.#.
#.≈.yy≈.# ##.......
#.≈≈≈§≈.# #########
#.......# .........
###.###... ......###
#.. .... .....# ###
...≈≈≈≈.. ..⌠≈≈≈y.
yy≈.


You could see a deep elf pyromancer, 4 killer bees and 2 goblins.

Vanquished Creatures
  Erolcha (D:9)
  Pikel (D:4)
  Maurice (D:9)
  2 steam dragons (D:7)
  Edmund (D:5)
  2 water moccasins
  3 ice beasts
  An orc warrior (D:8)
  2 black bears
  3 ogres
  3 centaurs
  3 lemures (D:4)
  A kobold brigand (D:8)
  2 bullfrogs
  2 phantoms
  6 scorpions
  2 howler monkeys
  4 orc priests
  4 jellies
  3 gnoll shamans
  4 hounds
  3 iguanas
  6 orc wizards
  22 gnolls
  10 adders
  3 shadow imps
  2 white imps
  2 ufetubi (D:5)
  A worm (D:4)
  2 dart slugs
  21 orcs
  4 ball pythons
  8 endoplasms
  3 giant cockroaches
  6 goblins
  9 hobgoblins
  19 jackals
  5 quokkas
  4 bats
  5 frilled lizards
  2 goblin skeletons (D:7)
  A goblin zombie (D:7)
  2 hobgoblin zombies (D:7)
  10 kobolds
  3 kobold skeletons (D:7)
  A kobold zombie (D:7)
  An orc skeleton (D:7)
  2 orc zombies (D:7)
  5 rats
213 creatures vanquished.

Vanquished Creatures (others)
  6 fungi (D:7)
  83 plants
89 creatures vanquished.

Grand Total: 302 creatures vanquished

Notes
Turn   | Place    | Note
-------+----------+-------------------------------------------
     0 | D:1      | rabbitsville the Djinni Earth Elementalist began the quest
                  | for the Orb.
     0 | D:1      | Reached XP level 1. HP: 15/15 MP: 0/0
   403 | D:1      | Reached XP level 2. HP: 16/21 MP: 0/0
   542 | D:1      | Reached skill level 3 in Spellcasting
   891 | D:1      | Reached XP level 3. HP: 13/25 MP: 0/0
   891 | D:1      | Learned a level 1 spell: Magic Dart
  1808 | D:1      | Found a faded altar of an unknown god.
  2659 | D:2      | Reached XP level 4. HP: 29/31 MP: 0/0
  3397 | D:3      | Found a snail-covered altar of Cheibriados.
  3528 | D:3      | Noticed a black bear
  3547 | D:3      | Killed a black bear
  3548 | D:3      | Reached skill level 4 in Spellcasting
  3548 | D:3      | Reached XP level 5. HP: 31/35 MP: 0/0
  3548 | D:3      | Learned a level 2 spell: Blink
  4021 | D:3      | Reached XP level 6. HP: 35/40 MP: 0/0
  4254 | D:4      | Found Ysobapn's Antique Armour Emporium.
  4254 | D:4      | Noticed an ogre
  4257 | D:4      | Killed an ogre
  4258 | D:4      | Reached skill level 5 in Spellcasting
  4294 | D:4      | Found Jadderau's General Store.
  4543 | D:4      | Found a staircase to the Ecumenical Temple.
  4694 | Temple   | Entered the Ecumenical Temple
  4751 | Temple   | Became a worshipper of Makhleb the Destroyer
  4779 | D:4      | Reached XP level 7. HP: 26/45 MP: 0/0
  4779 | D:4      | Learned a level 3 spell: Spider Form
  5056 | D:4      | Found Baocab's Book Emporium.
  5167 | D:4      | Reached skill level 6 in Spellcasting
  5178 | D:4      | Found a sacrificial altar of Ru.
  5555 | D:4      | Found a transporter.
  5555 | D:4      | Noticed Cecur's ghost (amateur OpEE)
  5560 | D:4      | Found a transporter.
  5562 | D:4      | Noticed a steam dragon
  5648 | D:4      | Identified the ring "Hoclez" {Will+ EV+4 Dex+3}
  5685 | D:4      | Found Ufunarra's Assorted Antiques.
  5690 | D:4      | Noticed Pikel
  5783 | D:4      | Killed Pikel
  5784 | D:4      | Reached skill level 7 in Spellcasting
  5784 | D:4      | Reached XP level 8. HP: 5/50 MP: 0/0
  6250 | D:4      | Found Alousm's Armour Emporium.
  6416 | D:5      | Entered Level 5 of the Dungeon
  6417 | D:5      | Reached * piety under Makhleb
  6423 | D:5      | Reached skill level 1 in Fighting
  6551 | D:5      | Reached skill level 8 in Spellcasting
  6753 | D:5      | Reached XP level 9. HP: 55/58 MP: 0/0
  6753 | D:5      | Learned a level 4 spell: Anguish
  6820 | D:5      | Found a sparkling altar of Nemelex Xobeh.
  6920 | D:5      | Noticed Edmund
  6931 | D:5      | Killed Edmund
  7272 | D:5      | Found an iron altar of Okawaru.
  7273 | D:5      | Found a shimmering altar of Xom.
  7615 | D:6      | Reached skill level 9 in Spellcasting
  7853 | D:6      | Reached ** piety under Makhleb
  8341 | D:6      | Found Wipnoog's Magic Scroll Shoppe.
  8351 | D:6      | Bought a scroll of blinking for 97 gold pieces
  8351 | D:6      | Bought a scroll of teleportation for 39 gold pieces
  8351 | D:6      | Bought a scroll of identify for 26 gold pieces
  8936 | D:7      | Found a glowing golden altar of the Shining One.
  9424 | D:7      | Found a broken altar of Ashenzari.
  9428 | D:7      | Reached XP level 10. HP: 63/69 MP: 0/0
  9471 | D:7      | Reached skill level 5 in Fighting
  9767 | D:7      | Found a bloodstained altar of Trog.
 10284 | D:8      | Reached skill level 10 in Spellcasting
 10823 | D:8      | Reached *** piety under Makhleb
 11345 | D:9      | Noticed Maurice
 11353 | D:9      | Killed Maurice
 11449 | D:9      | Found an opulent altar of Gozag.
 11464 | D:9      | Noticed Erolcha
 11469 | D:9      | Killed Erolcha
 11533 | D:9      | Noticed a two-headed ogre
 11537 | D:9      | Found a glowing silver altar of Zin.
 11547 | D:9      | HP: 2/73 [centaur/arrow (9)]
 11557 | D:9      | Found a flagged portal.
 11557 | D:9      | Noticed a deep elf pyromancer
 11563 | D:9      | HP: 1/73 [goblin/+0 spear (4)]
 11564 | D:9      | Slain by a killer bee

Illustrated notes

Levels and vault maps discovered:
D:1:      roderic_crop_circles_arrival_small, layout_basic,
          shapermc_ecumenical_altar_mp_highgroup, minmay_misc_feat_iff,
          minmay_circled_x
D:2:      layout_loops_ring
D:3:      layout_basic, cheibriados_altar_1, st_stairs_3
D:4:      layout_basic, mainiacjoe_overflow_brackets, minmay_temple_entry_hall,
          gammafunk_ghost_arena, serial_shops, nicolae_shop_hallway_plus, shop,
          nicolae_shop_stone, nicolae_shop_temple_entry_statues_fountains,
          shop_statue, uniq_pikel
D:5:      layout_rooms, nemelex_xobeh_ov_fountains_minmay,
          gammafunk_temple_overflow_pools, nrook_loot_triangle, minmay_between,
          uniq_edmund
D:6:      layout_basic, serial_shops, shop
D:7:      layout_basic, nicolae_tso_besieged_by_evil, trog_book,
          cheibrodos_ashenzari_chains, dreamdust_gnoll_farm
D:8:      layout_cave_pods
D:9:      layout_rooms, nicolae_elyvilon_peaceful_grove,
          mainiacjoe_overflow_alcove_4, lemuel_crystal_altar, dpeg_oklobed_lair,
          enter_bailey_5, serial_park_tiny_pond, uniq_erolcha, uniq_maurice
Temple:   eino_temple_lava

Skill      XL: |  1  2  3  4  5  6  7  8  9 10 |
---------------+-------------------------------+-----
Spellcasting   | 3 4 5 7 8 9 10 | 10.8
Fighting       | 2 4 6 |  6.7
Dodging        | |  2.1
Stealth        | |  1.5

Action                   |  1- 3 |  4- 6 |  7- 9 | 10-12 || total
-------------------------+-------+-------+-------+-------++-------
Melee: Unarmed           |     2 |       |       |       ||     2
       Whip              |    51 |     4 |       |       ||    55
       Dagger            |       |    11 |    11 |     3 ||    25
 Cast: Sandblast         |    17 |     6 |       |       ||    23
       Magic Dart        |    44 |    37 |    40 |     5 ||   126
       Stone Arrow       |       |    24 |   132 |    68 ||   224
       Petrify           |       |       |     1 |       ||     1
       Blink             |       |       |       |     5 ||     5
       Anguish           |       |       |       |     3 ||     3
  Use: Scroll            |       |       |     4 |     2 ||     6
       Potion            |       |       |       |     1 ||     1
 Stab: Sleeping          |       |     2 |       |       ||     2
Armor: Robe              |    12 |     4 |     3 |       ||    19
       Leather armour    |       |       |       |    15 ||    15
Dodge: Dodged            |    56 |    17 |    24 |    46 ||   143
Block: Other             |       |       |       |     2 ||     2

Table legend: (Time is in decaauts)
 A = Elapsed time spent in this place.
 B = Non-inter-level travel time spent in this place.
 C = Inter-level travel time spent in this place.
 D = Time resting spent in this place.
 E = Time spent auto-exploring this place.
 F = Levels seen in this place.
 G = Mean time per level.
                   A        B        C        D        E       F      G
               +--------+--------+--------+--------+--------+-----+--------+
         Total |  11566 |  11296 |    270 |   2452 |   6923 |  10 | 1156.6 |
       Dungeon |  11501 |  11231 |    270 |   2452 |   6880 |   9 | 1277.9 |
        Temple |     65 |     65 |      0 |      0 |     43 |   1 |   65.0 |
               +--------+--------+--------+--------+--------+-----+--------+

Top non-repeatable levels by time:
     D:1: 2590 daAuts
     D:4: 1791 daAuts
     D:7: 1345 daAuts
     D:6: 1321 daAuts
     D:3: 1184 daAuts
     D:8: 1182 daAuts
     D:5: 1076 daAuts
     D:2: 788 daAuts
     D:9: 218 daAuts
  Temple: 65 daAuts
